AoeStats
← Amon Göth

Nomad

504349153Analyzed
3v3 RM · 26d ago on Sep 5, 2026· 60m 8s· 6 players
Game mode
Random Map
Map size
210×210
Population
200
Speed
Normal
Resources
Standard
Victory
Conquest
Starting age
Dark Age
Ending age
Imperial Age
RankedLock teamsTeams togetherTeam positionsShared explorationLock speedFull tech treeHidden civsTurbo modeCheats
Victory
Defeat
🇨🇱 Khmer · Chile
647
+12
611
+14
🇧🇷 Franks · Brazil
577
+16
🇮🇹 Japanese · Italy
589
-15
🇮🇹 Vietnamese · Italy
569
-14
🇺🇦 Slavs · Ukraine
540
-13
Bryaanrr
5:20 Loom
17:43 Feudal Age
19:54 Wheelbarrow
19:05 Town Watch
19:08 Double-Bit Axe
21:07 Fishing Lines
23:50 Castle Age
22:45 Scale Mail Armor
22:56 Forging
22:53 Scale Barding Armor
22:49 Padded Archer Armor
23:57 Fletching
25:08 Husbandry
25:19 Bloodlines
26:03 Gillnets
27:11 Bow Saw
28:07 Chain Mail Armor
28:27 Iron Casting
28:05 Town Watch
28:23 Horse Collar
29:12 Leather Archer Armor
29:55 Hand Cart
30:57 Medium Warships
32:20 Murder Holes
32:46 Ballistics
32:37 Fortified Wall
32:40 Siphons
32:46 Clinker Construction
32:38 Bodkin Arrow
33:07 Stone Mining
33:08 Gold Mining
34:24 Chain Barding Armor
35:13 Masonry
35:15 Fortified Wall
43:27 Imperial Age
42:26 Iron Casting
43:34 Elite Ballista Elephant
44:44 Conscription
44:25 Double Crossbow
44:59 Bracer
46:16 Cavalier
47:45 Architecture
48:23 Blast Furnace
48:00 Plate Barding Armor
47:55 Ring Archer Armor
46:53 Heavy Scorpion
48:39 Double Crossbow
50:16 Hoardings
53:21 Chemistry
55:26 Heavy Warships
55:59 Heavy Plow
59:15 Tusk Swords
✝ Sweet Baby Jesus ✝
15:06 Feudal Age
16:26 Wheelbarrow
17:15 Double-Bit Axe
18:05 Bloodlines
18:11 Bloodlines
20:01 Horse Collar
22:14 Forging
26:54 Gold Mining
29:58 Castle Age
29:44 Fletching
29:40 Fishing Lines
31:17 Hand Cart
31:15 Bow Saw
31:08 Heavy Plow
31:22 Bodkin Arrow
31:51 Medium Warships
31:54 Gillnets
35:11 Gillnets
39:11 Ballistics
41:37 Imperial Age
40:49 Thumb Ring
40:55 Husbandry
44:36 Chemistry
43:46 Bracer
44:17 Parthian Tactics
47:10 Elite Mangudai
[MCC] Bacteria-Am
3:47 Loom
15:20 Feudal Age
17:45 Stone Mining
17:46 Gold Mining
17:45 Double-Bit Axe
22:17 Castle Age
20:26 Scale Barding Armor
20:32 Forging
23:40 Wheelbarrow
28:20 Gold Shaft Mining
28:10 Bow Saw
30:11 Hand Cart
31:52 Chain Barding Armor
32:08 Iron Casting
31:47 Town Watch
40:44 Imperial Age
38:16 Town Patrol
38:23 Padded Archer Armor
38:13 Fletching
38:47 Husbandry
39:26 #83
40:17 Leather Archer Armor
39:58 Bodkin Arrow
40:49 Elite Throwing Axeman
41:30 Chivalry
42:36 Chemistry
41:47 Fortified Wall
41:33 Murder Holes
42:58 Cavalier
44:17 Plate Barding Armor
44:43 Blast Furnace
46:19 Paladin
53:46 Spies/Treason
56:46 Medium Warships
markafc13
4:20 Loom
17:34 Feudal Age
19:33 Wheelbarrow
18:42 Horse Collar
18:52 Double-Bit Axe
19:01 Gold Mining
20:02 Stone Mining
28:00 Castle Age
26:55 Arson
27:38 Forging
27:29 Scale Mail Armor
27:29 Padded Archer Armor
28:34 Fletching
28:50 Scale Barding Armor
29:12 Bow Saw
29:14 Heavy Plow
31:18 Stone Shaft Mining
32:49 Treadmill Crane
33:08 Murder Holes
33:03 Heated Shot
33:34 Ballistics
34:02 Fortified Wall
34:23 Hand Cart
34:45 Pikeman
35:26 Squires
38:23 Chatras
43:56 Thumb Ring
Gelor91
6:30 Loom
17:45 Feudal Age
18:22 Fishing Lines
18:49 Double-Bit Axe
21:10 Gold Mining
26:38 Castle Age
26:21 Horse Collar
26:34 Stone Mining
26:58 Forging
27:29 Bow Saw
28:37 Medium Warships
28:27 Arson
28:30 Gambesons
29:00 Gillnets
31:31 Husbandry
32:37 Town Watch
35:00 Squires
34:21 Pikeman
35:05 Treadmill Crane
35:21 Murder Holes
36:33 Guard Tower
36:43 Fletching
36:53 Padded Archer Armor
37:41 Bodkin Arrow
40:37 Imperial Age
40:28 Gold Shaft Mining
41:48 Conscription
41:59 Bracer
41:37 Capped Ram
43:31 Chemistry
43:04 Leather Archer Armor
42:38 Arrowslits
44:24 Scale Mail Armor
44:59 Iron Casting
55:49 Two-Man Saw
55:05 Thumb Ring
Amon Göth
Connection lost

Rejoining the realm…

Still unreachable

The connection could not be restored.

Session expired

The server has moved on; the page needs a fresh start.